 Dungeon Crawl Stone Soup version 0.19-a0-1128-gc4a0c12 (webtiles) character file.

182 FrankyJ the Sneak (level 5, 0/28 HPs)
             Began as a Vine Stalker Assassin on Aug 12, 2016.
             Slain by a gnoll
             ... wielding a +0 flail
              (8 damage)
             ... on level 3 of the Dungeon.
             The game lasted 00:10:52 (2262 turns).

FrankyJ the Sneak (Vine Stalker Assassin)           Turns: 2262, Time: 00:10:52

Health: 0/28       AC:  3    Str: 14    XL:     5   Next: 61%
Magic:  0/6        EV: 13    Int: 11    God:
Gold:   130        SH:  0    Dex: 16    Spells: 0 memorised, 4 levels left

rFire  . . .     SeeInvis .     r - +1 short sword (elec)
rCold  . . .     Gourm    .     c - +0 robe
rNeg   . . .     Faith    .     (no shield)
rPois  .         Spirit   +     (no helmet)
rElec  .         Dismiss  .     d - +0 cloak
rCorr  .         Reflect  .     (no gloves)
SustAt .         Harm     .     (no boots)
MR     .....                    v - amulet of guardian spirit
Stlth  +++.......               (no ring)
                                (no ring)

@:
A: fangs 2, regeneration 1, magic shield, antimagic bite, no device heal 3, rot
immunity
a: no special abilities


You were on level 3 of the Dungeon.
You were not hungry.

You visited 1 branch of the dungeon, and saw 3 of its levels.

You collected 130 gold pieces.

Inventory:

Hand Weapons
 b - a +0 blowgun
 r - a +1 short sword of electrocution (weapon)
 x - a +1 long sword of electrocution
Missiles
 e - 16 poisoned needles
 f - 2 curare-tipped needles
 h - 6 steel javelins (quivered)
 k - 3 javelins
Armour
 c - a +0 robe (worn)
 d - a +0 cloak (worn)
 u - a +0 pair of gloves
Jewellery
 v - an amulet of guardian spirit (around neck)
Scrolls
 a - a scroll of recharging {unknown}
 l - a scroll of identify {unknown}
 n - a scroll of blinking {unknown}
 p - 2 scrolls of amnesia {unknown}
 q - 2 scrolls of random uselessness {unknown}
 y - a scroll of remove curse {unknown}
Potions
 i - a potion of curing {unknown}
 o - a potion of degeneration {unknown}
 t - a potion of cure mutation {unknown}
 w - a potion of haste {unknown}
 A - a potion of magic {unknown}
Books
 s - a book of the Sky

   Spells                             Type                      Level
   a - Summon Lightning Spire         Summoning/Air                4
   b - Airstrike                      Air                          4
   c - Silence                        Hexes/Air                    5
   d - Deflect Missiles               Charms/Air                   6
   e - Conjure Ball Lightning         Conjuration/Air              6
   f - Tornado                        Air                          9
Comestibles
 g - 2 bread rations
 j - 6 chunks of flesh
 m - 3 meat rations
 z - 2 beef jerkies


   Skills:
 + Level 3.3 Fighting
 - Level 3.1 Short Blades
 - Level 2.0 Throwing
 - Level 2.1 Dodging
 - Level 5.2 Stealth


You had 4 spell levels left.
You didn't know any spells.

Dungeon Overview and Level Annotations

Branches:
Dungeon (3/15)

Altars:
Pakellas
Qazlal


Innate Abilities, Weirdness & Mutations

You have extremely sharp teeth.
Your natural rate of healing is unusually fast.
When hurt, damage is shared between your health and your magic reserves.
Your bite disrupts and absorbs the magic of your enemies.
Potions and wands cannot restore your health.
You are immune to rotting.


Message History

* * * LOW HITPOINT WARNING * * *
The gnoll misses you. The adder bites you but does no damage.
You are too injured to fight recklessly!
You are too injured to fight recklessly!
You are too injured to fight recklessly!
You are too injured to fight recklessly!
You are too injured to fight recklessly!
You are too injured to fight recklessly!
You are too injured to fight recklessly!
You are too injured to fight recklessly!
You are too injured to fight recklessly!
You are too injured to fight recklessly!
You are too injured to fight recklessly!
You are too injured to fight recklessly!
You are too injured to fight recklessly!
You are too injured to fight recklessly!
You are too injured to fight recklessly!
You are too injured to fight recklessly!
The gnoll hits you with a flail!
You die...

#..#
##...##....##
##.#
#####....[##
#.# .......<..
#.#
#..........
#.#
...######..
#.####..##
#.... #......#
#.##.
#######..#####
#. #.
.......@## .
#. ......gg#
.# #.
......)S# ...
.....g... ....
........## ..
........#
#######.# #.#
#.#


You could see 3 gnolls and an adder.

Vanquished Creatures
  2 orc wizards (D:3)
  A gnoll (D:3)
  3 adders (D:3)
  2 oozes (D:3)
  2 worms (D:2)
  A giant gecko (D:2)
  11 orcs (D:3)
  A ball python (D:1)
  4 bats
  A giant cockroach (D:1)
  5 goblins
  6 hobgoblins
  8 jackals
  3 quokkas (D:3)
  A giant newt (D:3)
  6 kobolds
  7 rats
64 creatures vanquished.

Notes
Turn   | Place    | Note
-------+----------+-------------------------------------------
     0 | D:1      | FrankyJ the Vine Stalker Assassin began the quest for the Orb.
     0 | D:1      | Reached XP level 1. HP: 11/11 MP: 2/2
   559 | D:1      | Reached skill level 1 in Dodging
   559 | D:1      | Reached XP level 2. HP: 8/15 MP: 1/3
   894 | D:1      | Reached skill level 5 in Stealth
  1400 | D:2      | Reached XP level 3. HP: 18/18 MP: 4/4
  1639 | D:2      | Found an oddly glowing altar of Pakellas.
  1877 | D:3      | Found a stormy altar of Qazlal.
  1926 | D:3      | Reached XP level 4. HP: 16/23 MP: 3/5
  2023 | D:3      | Reached XP level 5. HP: 21/27 MP: 6/6
  2262 | D:3      | Slain by a gnoll

Vault maps used:
D:1:      dpeg_arrival_boxorama
D:2:      grunt_pakellas_basics
D:3:      lemuel_round_altar

Skill      XL: |  1  2  3  4  5 |
---------------+----------------+-----
Throwing       | 2 |  2.0
Short Blades   | 2 3 |  3.1
Dodging        | 1 2 |  2.1
Stealth        | 5 |  5.2
Fighting       | 2 3 |  3.3

Action                   |  1- 3 |  4- 6 || total
-------------------------+-------+-------++-------
Melee: Dagger            |    62 |       ||    62
       Bite              |    16 |    12 ||    28
       Short sword       |    35 |    63 ||    98
 Stab: Sleeping          |     7 |     1 ||     8
       Distracted        |       |     1 ||     1
  Eat: Chunk             |     3 |     1 ||     4
Armor: Robe              |    20 |    13 ||    33
Dodge: Dodged            |    48 |    32 ||    80
